 Dungeon Crawl Stone Soup version 0.29.0-7-g18a832c13a (webtiles) character file.

Game seed: 3505097290147831194

1213 Regnix the Destroyer (level 8, -1/63 HPs)
             Began as a Deep Elf Conjurer on Aug 30, 2022.
             Was a Follower of Vehumet.
             Slain by a vampire (9 damage)
             ... on level 7 of the Dungeon.
             The game lasted 00:29:12 (6336 turns).

Regnix the Destroyer (Deep Elf Conjurer)            Turns: 6336, Time: 00:29:13

Health: -1/63      AC: 24    Str:  4    XL:     8   Next: 22%
Magic:  12/21      EV:  2    Int: 26    God:    Vehumet [*.....]
Gold:   397        SH:  0    Dex: 13    Spells: 6/21 levels left

rFire   + . .      SeeInvis +   q - +3 quarterstaff (chaos)
rCold   x . .      Faith    .   (shield currently unavailable)
rNeg    . . .      Spirit   .   (body armour currently unavailable)
rPois   +          Reflect  .   (helmet currently unavailable)
rElec   .          Harm     .   (cloak currently unavailable)
rCorr   .          Rampage  .   (gloves currently unavailable)
Will    .....      NoTele   +   (boots currently unavailable)
Stlth   +++.......              z - amulet of regeneration
HPRegen 1.00/turn               i - ring of see invisible
MPRegen 0.17/turn               y - ring of fire

@: tree-form
A: stationary, stasis, torment immunity, boosted hp
a: Renounce Religion


You were on level 7 of the Dungeon.
You worshipped Vehumet.
Vehumet was aware of your devotion.
You were a tree.
You visited 2 branches of the dungeon, and saw 8 of its levels.

You collected 397 gold pieces.

Inventory:

Hand Weapons
 e - a +0 dagger
 q - a +3 quarterstaff of chaos (weapon)
 s - a +2 hammer of holy wrath
Missiles
 o - a silver javelin (quivered)
Armour
 a - a +0 robe
 j - a +2 pair of boots (melded)
 p - a +1 pair of gloves (melded)
 r - a +0 cloak (melded)
 u - the +1 robe "Xuzeb" (melded) {rC+}
   (You found it on level 3 of the Dungeon)

   rC:        It protects you from cold.
Jewellery
 i - a ring of see invisible (left branch)
 y - a ring of fire (right branch)
 z - an amulet of regeneration (around neck)
 D - a ring of protection from cold
 F - a ring of flight
Scrolls
 c - 2 scrolls of identify
 f - 3 scrolls of teleportation {unknown}
 h - 2 scrolls of torment {unknown}
 k - a scroll of amnesia
 m - a scroll of poison
 n - a scroll of vulnerability {unknown}
 t - a scroll of butterflies
 x - a scroll of enchant weapon {unknown}
 A - a scroll of blinking {unknown}
Potions
 b - 2 potions of magic
 d - a potion of lignification
 g - a potion of curing
 l - a potion of ambrosia
 v - 3 potions of haste
 w - 3 potions of might
 B - a potion of berserk rage {unknown}
 C - a potion of mutation
 E - 3 potions of flight


   Skills:
 + Level 0.9 Fighting
 + Level 1.2 Staves
 + Level 4.4 Dodging
 + Level 4.1 Stealth
 + Level 7.3 Spellcasting
 + Level 8.8 Conjurations
 + Level 0.1 Fire Magic


You had 6 spell levels left.
You knew the following spells:

 Your Spells              Type           Power      Damage    Failure   Level
a - Magic Dart            Conj           100%       1d8       1%          1
b - Searing Ray           Conj           100%       2d8       1%          2
c - Dazzling Flash        Conj/Hex       64%        N/A       3%          3
d - Iskenderun's Mystic   Conj/Tloc      32%        2d8       10%         4
e - Foxfire               Conj/Fire      100%       2x1d9     1%          1
f - Fulminant Prism       Conj/Hex       16%        3d11      10%         4

Your spell library contained the following spells:

 Spells                   Type           Power      Damage    Failure   Level
 Frozen Ramparts          Ice            18%        1d3       19%         3
 Ice Form                 Ice/Tmut       9%         N/A       52%         4
 Summon Ice Beast         Ice/Summ       9%         N/A       52%         4


Dungeon Overview and Level Annotations

Branches:
Dungeon (7/15)             Temple (1/1) D:6

Altars:
Ashenzari
Cheibriados
Dithmenos
Elyvilon
Gozag
Hepliaklqana
Kikubaaqudgha
Makhleb
Nemelex Xobeh
Okawaru
Qazlal
Ru
Sif Muna
Trog
Uskayaw
Vehumet
Wu Jian
Xom
Yredelemnul
Zin
The Shining One

Shops:
D:1 (=(


Message History

Unknown command.
Throw: 5 javelins (silver)
Press: ? - help, Q - select action, (/) - cycle Shift-Dir - straight line, f/p - vampire
Aim: a vampire (moderately damaged, slightly transparent, 56% to hit)
You throw a silver javelin.
The silver javelin pierces through the vampire.
The vampire is heavily damaged.
The vampire hits you but does no damage.
The vampire bites you but does no damage.
Throw: 4 javelins (silver)
Press: ? - help, Q - select action, (/) - cycle Shift-Dir - straight line, f/p - vampire
Aim: a vampire (heavily damaged, slightly transparent, 56% to hit)
You throw a silver javelin.
The silver javelin pierces through the vampire.
The vampire is severely damaged.
The vampire hits you.
* * * LOW HITPOINT WARNING * * *
The vampire bites you but does no damage.
The vampire hits you but does no damage.
The vampire barely misses you.
Throw: 3 javelins (silver)
Press: ? - help, Q - select action, (/) - cycle Shift-Dir - straight line, f/p - vampire
Aim: a vampire (severely damaged, slightly transparent, 56% to hit)
You throw a silver javelin.
The silver javelin barely misses the vampire.
The vampire hits you.
* * * LOW HITPOINT WARNING * * *
The vampire bites you but does no damage.
Throw: 2 javelins (silver)
Press: ? - help, Q - select action, (/) - cycle Shift-Dir - straight line, f/p - vampire
Aim: a vampire (severely damaged, slightly transparent, 56% to hit)
You throw a silver javelin.
The silver javelin completely misses the vampire.
The vampire hits you but does no damage.
The vampire bites you.
* * * LOW HITPOINT WARNING * * *
The vampire draws strength from your injuries!
The vampire hits you but does no damage.
The vampire bites you!
You die...

.########.### ## #.#
..... #########.# ...<.
...##.....## ......
...........## ......
............# #.....#
..(.........## .......
.............####.......
................♣V.....(
............######.....#
............# ...##
...........## ###
...##.....## ###########


You could see a vampire (invisible).

Vanquished Creatures
  Sigmund (D:2)
  A water moccasin (D:6)
  An ogre (D:6)
  A phantom (D:6)
  A bullfrog (D:7)
  A gnoll sergeant (D:6)
  A scorpion (D:4)
  An orc priest (D:5)
  Crazy Yiuf (D:2)
  2 gnoll boudas
  2 hounds
  5 iguanas
  Jessica (D:2)
  Terence (D:2)
  10 gnolls
  7 adders
  2 dart slugs
  23 orcs
  2 endoplasms (D:4)
  3 giant cockroaches
  2 goblins
  3 hobgoblins
  3 jackals (D:1)
  3 quokkas
  5 ball pythons
  3 bats
  2 frilled lizards
  5 kobolds
  8 rats
101 creatures vanquished.

Vanquished Creatures (others)
  28 foxfires
  3 fulminant prisms (D:6)
  A fungus (D:2)
32 creatures vanquished.

Grand Total: 133 creatures vanquished

Notes
Turn   | Place    | Note
-------+----------+-------------------------------------------
     0 | D:1      | Regnix the Deep Elf Conjurer began the quest for the Orb.
     0 | D:1      | Reached XP level 1. HP: 10/10 MP: 6/6
   109 | D:1      | Found Nugaur's Jewellery Shoppe.
   367 | D:1      | Reached XP level 2. HP: 15/15 MP: 5/8
   492 | D:1      | Found Giraih's Antique Weapon Emporium.
   511 | D:1      | Found a faded altar of an unknown god.
   569 | D:1      | Reached skill level 5 in Conjurations
   850 | D:1      | Found Xosit's Antique Weapon Emporium.
  1033 | D:2      | Noticed Jessica
  1036 | D:2      | Killed Jessica
  1037 | D:2      | Reached XP level 3. HP: 19/19 MP: 6/9
  1293 | D:2      | Learned a level 2 spell: Searing Ray
  1346 | D:2      | Noticed Sigmund
  1354 | D:2      | Killed Sigmund
  1355 | D:2      | Reached skill level 6 in Conjurations
  1355 | D:2      | Reached XP level 4. HP: 24/24 MP: 3/12
  1355 | D:2      | Reached XP level 5. HP: 28/28 MP: 3/13
  1359 | D:2      | Learned a level 3 spell: Dazzling Flash
  1364 | D:2      | Learned a level 4 spell: Iskenderun's Mystic Blast
  1436 | D:2      | Noticed Terence
  1442 | D:2      | Killed Terence
  1443 | D:2      | Reached skill level 7 in Conjurations
  2161 | D:2      | Found a runed translucent door.
  2162 | D:2      | Noticed Crazy Yiuf
  2168 | D:2      | Killed Crazy Yiuf
  2169 | D:2      | Reached XP level 6. HP: 32/32 MP: 9/14
  2439 | D:3      | Found a sparkling altar of Nemelex Xobeh.
  2459 | D:3      | Found a basalt altar of Yredelemnul.
  2460 | D:3      | Found a hide-covered altar of Uskayaw.
  2509 | D:3      | Identified the +1 robe "Xuzeb" {rC+}
  3122 | D:4      | Reached skill level 5 in Spellcasting
  3270 | D:4      | You fall into a shaft and drop 3 floors!
  3390 | D:6      | Found a staircase to the Ecumenical Temple.
  3408 | D:6      | Reached XP level 7. HP: 35/37 MP: 8/17
  3414 | Temple   | Entered the Ecumenical Temple
  3422 | Temple   | Became a worshipper of Vehumet
  3694 | D:5      | Entered Level 5 of the Dungeon
  3925 | D:5      | Reached skill level 8 in Conjurations
  4472 | D:4      | Reached skill level 1 in Staves
  4827 | D:4      | Reached * piety under Vehumet
  4827 | D:4      | Offered knowledge of Foxfire by Vehumet.
  4830 | D:4      | Learned a level 1 spell: Foxfire
  5076 | D:5      | Reached XP level 8. HP: 42/42 MP: 15/20
  5520 | D:6      | Learned a level 4 spell: Fulminant Prism
  6331 | D:7      | HP: 3/63 [vampire (10)]
  6336 | D:7      | Slain by a vampire

Illustrated notes

Levels and vault maps discovered:
D:1:      dpeg_arrival_erosion, layout_rooms, serial_shops,
          nicolae_shop_advertising_works [nicolae_subvault_shop_adworks],
          nicolae_shop_crystal, shop_statue,
          hellmonk_ecumenical_altar_crossroads
D:2:      layout_basic, kennysheep_generic_room_4, uniq_crazy_yiuf_cottage,
          uniq_jessica, uniq_sigmund, uniq_terence
D:3:      layout_rooms, chequers_temple_overflow_statue_of_worship, hex_tiny
D:4:      layout_gridville
D:5:      layout_rooms
D:6:      layout_cave_pods, temple_fountains
D:7:      layout_rooms
Temple:   eino_narrow_crystal_temple

Skill      XL: |  1  2  3  4  5  6  7 |
---------------+----------------------+-----
Conjurations   | 5 6 7 8 |  8.8
Spellcasting   | 4 5 7 |  7.3
Dodging        | 3 4 |  4.4
Stealth        | 3 4 |  4.1
Staves         | 1 |  1.2
Fighting       | |  0.9
Fire Magic     | |  0.1

Action                   |  1- 3 |  4- 6 |  7- 9 || total
-------------------------+-------+-------+-------++-------
Melee: Unarmed           |     9 |       |       ||     9
       Dagger            |     7 |     5 |       ||    12
       Quarterstaff      |       |     5 |    24 ||    29
Throw: Javelin           |       |       |     4 ||     4
 Cast: Magic Dart        |    45 |    58 |    91 ||   194
       Searing Ray       |     1 |     5 |     9 ||    15
       Dazzling Flash    |       |     1 |     1 ||     2
       Foxfire           |       |       |    21 ||    21
       Fulminant Prism   |       |       |     3 ||     3
  Use: Potion            |     2 |     1 |     3 ||     6
       Scroll            |       |     6 |     3 ||     9
Armor: Robe              |     9 |     6 |    24 ||    39
       Skin              |     2 |       |    10 ||    12
Dodge: Dodged            |    24 |    10 |    53 ||    87
